 Dungeon Crawl Stone Soup version 0.16-a0-327-gbff0e38 (webtiles) character file.

2074 Ratboiler the Thrower (level 9, -2/92 HPs)
             Began as an Ogre Arcane Marksman on Sept 5, 2014.
             Was an Initiate of the Shining One.
             Slain by Joseph
             ... wielding a cursed -1 hunting sling
              (12 damage)
             ... on Level 7 of the Dungeon.
             The game lasted 00:28:08 (7727 turns).

Ratboiler the Thrower (Ogre Arcane Marksman)        Turns: 7727, Time: 00:28:08

HP  -2/92        AC  6     Str 18      XL: 9   Next: 26%
MP  12/12        EV 11     Int 12      God: the Shining One [......]
Gold 384         SH  0     Dex 12      Spells:  2 memorised,  7 levels left

rFire  + . .     SeeInvis .     a - +2 flail (crush)
rCold  . . .     Clarity  .     p - +2 robe {rF+}
rNeg   . . .     rCorr    .     (shield restricted)
rPois  .         rRot     .     (helmet restricted)
rElec  .         Spirit   .     w - +0 cloak
SustAb .         Warding  .     (gloves unavailable)
rMut   .         Stasis   .     (boots unavailable)
Gourm  +                        y - amulet of the gourmand
MR     .....                    (no ring)
                                (no ring)

@: not resistant to hostile enchantments, very unstealthy
A: unfitting armour, tough skin 1
a: Renounce Religion


You were on level 7 of the Dungeon.
You worshipped the Shining One.
The Shining One was noncommittal.
You were not hungry.

You visited 2 branches of the dungeon, and saw 8 of its levels.

You collected 384 gold pieces.

Inventory:

Hand weapons
 a - a +2 flail of crushing (weapon)
 b - a +2 short sword of electrocution
 n - a +0 blowgun
 B - a +1 whip of freezing
 G - a +4 hunting sling
Missiles
 D - 20 stones (quivered)
Armour
 p - a +2 robe of fire resistance (worn)
 w - a +0 cloak (worn)
Comestibles
 f - 4 meat rations
 h - 7 bread rations
 q - 9 fruits
 r - a beef jerky
 E - 3 chunks of orc flesh
Scrolls
 c - 2 scrolls of identify
 e - 2 scrolls of enchant weapon
 g - 2 scrolls of blinking
 k - a scroll of amnesia
 v - 2 scrolls of random uselessness {unknown}
 x - 2 scrolls of fog
 z - 4 scrolls of recharging {unknown}
 F - 2 scrolls of teleportation
 I - a scroll of remove curse
Jewellery
 y - an amulet of the gourmand (around neck)
Potions
 i - a potion of invisibility
 j - 2 potions of might
 m - a potion of brilliance {unknown}
 o - a potion of resistance
 s - a potion of agility
 u - 7 potions of curing
 A - a potion of haste
Books
 d - a book of Debilitation

   Spells                             Type                      Level
   *Corona                            Hexes                        1
   *Slow                              Hexes                        2
   Inner Flame                        Hexes/Fire                   3
   Enslavement                        Hexes                        4
   Cause Fear                         Hexes                        4
   Leda's Liquefaction                Hexes/Earth                  4


   Skills:
 + Level 6.4 Fighting
 * Level 9.9 Throwing
 + Level 4.6 Dodging
 - Level 1.2 Spellcasting
 - Level 3.7 Hexes


You had 7 spell levels left.
You knew the following spells:

 Your Spells              Type           Power        Failure   Level  Hunger
a - Corona                Hex            #......      8%          1    ##.....
b - Slow                  Hex            #.......     12%         2    ###....


Dungeon Overview and Level Annotations

Branches:
Dungeon (7/15)             Temple (1/1) D:6

Altars:
Cheibriados
Dithmenos
Elyvilon
Fedhas
Gozag
Kikubaaqudgha
Makhleb
Nemelex Xobeh
Okawaru
Qazlal
Sif Muna
Trog
Vehumet
Xom
Yredelemnul
Zin
The Shining One

Annotations:
D:3 Sigmund
D:7 Joseph


Innate Abilities, Weirdness & Mutations

You are too large for most types of armour.
You have tough skin (AC +1).


Message History

You throw a throwing net.
Joseph shoots a sling bullet.
The sling bullet barely misses you.
Joseph drinks a potion.
Joseph seems to grow stronger.
You have identified the last healing potion.
You closely miss Joseph.
Joseph is almost dead.
Joseph hits you with a hunting sling. x2
You barely miss Joseph.
Joseph is almost dead.
Joseph hits you with a hunting sling.
You barely miss Joseph.
Joseph is almost dead.
Joseph hits you with a hunting sling!
* * * LOW HITPOINT WARNING * * *
You closely miss Joseph.
Joseph is almost dead.
Joseph hits you with a hunting sling!!
* * * LOW HITPOINT WARNING * * *
Joseph hits you with a hunting sling!
You die...

###.......)...# ##...##
..).##......#####.###.####
###########.# #...# #....#
# #.###.#.###.##.#
#.#....(...###.#
#.#....(#.## #.#
#.........####.#
###.........##.#
#...@.###.##.# ###@#.#
#..#.########
#(#.###............
#(#....>###.......#
#######(#.##### #.#####(#
........(.# #.# #.#
#######...# #.# #.# ###.#
#.# #.# #.# #.# #..


You could see Joseph.

Vanquished Creatures
  Eustachio (D:4)
  A water moccasin (D:5)
  3 phantoms
  A black bear (D:6)
  A sky beast (D:5)
  A centaur (D:7)
  An ice beast (D:6)
  Duvessa (D:7)
  A giant frog (D:6)
  A big kobold (D:7)
  Blork the orc (D:7)
  A water moccasin zombie (D:4)
  2 scorpions
  2 crimson imps
  Dowan (D:7)
  A giant frog zombie (D:5)
  A hound (D:5)
  A centaur skeleton (D:4)
  An orc priest (D:6)
  A giant frog skeleton (D:4)
  An iguana (D:6)
  2 orc wizards
  2 worker ants (D:4)
  Jessica (D:2)
  Terence (D:3)
  11 gnolls
  8 adders
  A green rat (D:4)
  2 shadow imps
  An inept feature mimic (D:3)
  A giant mite (D:2)
  5 worms
  4 giant geckos
  3 oozes
  14 orcs
  9 bats
  17 goblins
  12 hobgoblins
  9 jackals
  3 quokkas (D:3)
  6 giant cockroaches
  8 giant newts
  A hobgoblin zombie (D:5)
  19 kobolds
  3 orc skeletons (D:6)
  An orc zombie (D:5)
  13 rats
182 creatures vanquished.

Notes
Turn   | Place    | Note
--------------------------------------------------------------
     0 | D:1      | Ratboiler, the Ogre Arcane Marksman, began the quest for the Orb.
     0 | D:1      | Reached XP level 1. HP: 19/19 MP: 2/2
   184 | D:1      | Reached XP level 2. HP: 15/27 MP: 1/3
   550 | D:1      | Reached skill level 3 in Throwing
  1066 | D:2      | Reached XP level 3. HP: 31/33 MP: 2/4
  1539 | D:2      | Reached skill level 4 in Throwing
  1539 | D:2      | Reached XP level 4. HP: 41/41 MP: 0/6
  1554 | D:2      | Learned a level 2 spell: Slow
  1663 | D:2      | Noticed Jessica
  1686 | D:2      | Killed Jessica
  1818 | D:2      | Reached XP level 5. HP: 44/48 MP: 7/7
  2331 | D:3      | Reached skill level 5 in Throwing
  2512 | D:3      | Noticed Sigmund
  2835 | D:3      | Noticed Terence
  2848 | D:3      | Killed Terence
  3131 | D:4      | Reached XP level 6. HP: 44/55 MP: 5/8
  3198 | D:4      | Noticed Eustachio
  3227 | D:4      | Killed Eustachio
  3227 | D:4      | Reached skill level 6 in Throwing
  3378 | D:4      | Noticed a phantom
  3416 | D:4      | Killed a phantom
  3416 | D:4      | Reached XP level 7. HP: 49/65 MP: 9/9
  4101 | D:4      | Noticed a phantom
  4174 | D:4      | Killed a phantom
  4174 | D:4      | Reached skill level 7 in Throwing
  4497 | D:4      | Found a bloodstained altar of Trog.
  4760 | D:5      | Entered Level 5 of the Dungeon
  4941 | D:5      | Reached XP level 8. HP: 68/78 MP: 11/11
  5370 | D:5      | Reached skill level 8 in Throwing
  6016 | D:6      | Found a staircase to the Ecumenical Temple.
  6025 | Temple   | Entered the Ecumenical Temple
  6117 | Temple   | Became a worshipper of the Shining One
  6132 | D:6      | Reached skill level 5 in Fighting
  6395 | D:6      | Reached skill level 9 in Throwing
  6703 | D:6      | Reached XP level 9. HP: 40/89 MP: 12/12
  6932 | D:7      | Noticed Dowan
  6934 | D:7      | Noticed Duvessa
  6936 | D:7      | Killed Dowan
  6949 | D:7      | Killed Duvessa
  7116 | D:7      | Noticed Joseph
  7453 | D:7      | Noticed Blork the orc
  7462 | D:7      | Killed Blork the orc
  7727 | D:7      | Slain by Joseph

Action                   |  1- 3 |  4- 6 |  7- 9 || total
-------------------------+-------+-------+-------++-------
Melee: Unarmed           |    60 |       |       ||    60
       Short sword       |    25 |   181 |    59 ||   265
       Whip              |       |       |    66 ||    66
       Flail             |       |       |   165 ||   165
Throw: Large rock        |    34 |     5 |    62 ||   101
       Throwing net      |       |       |     4 ||     4
       Javelin           |       |       |     4 ||     4
 Cast: Corona            |    16 |    14 |    25 ||    55
       Slow              |       |     1 |     1 ||     2
  Use: Scroll            |       |       |    14 ||    14
  Eat: Chunk             |     2 |     7 |    11 ||    20
       Beef jerky        |       |       |     2 ||     2
       Pizza             |       |       |     1 ||     1
